 Dungeon Crawl Stone Soup version 0.19-a0-872-g3103843 (webtiles) character file.

1801 scalarboson the Shield-Bearer (level 9, -13/55 HPs)
             Began as a Gargoyle Fighter on July 3, 2016.
             Killed by divine providence
             ... invoked by an orc priest
              (14 damage)
             ... on level 6 of the Dungeon.
             The game lasted 00:24:35 (4847 turns).

scalarboson the Shield-Bearer (Gargoyle Fighter)    Turns: 4847, Time: 00:24:35

Health: -13/55     AC: 16    Str: 22    XL:     9   Next: 9%
Magic:  0/9        EV: 10    Int: 10    God:
Gold:   356        SH: 10    Dex:  9    Spells: 0 memorised, 8 levels left

rFire  . . .     SeeInvis .     a - +0 flail
rCold  . . .     Gourm    .     b - +0 scale mail
rNeg   + . .     Faith    .     c - +0 shield
rPois  ∞         Spirit   +     t - +0 helmet
rElec  +         Dismiss  .     (no cloak)
rCorr  +         Reflect  .     l - +1 pair of gloves
SustAt +         Harm     .     (no boots)
MR     .....                    x - amulet of guardian spirit
Stlth  ..........               g - ring of resist corrosion
                                m - ring of sustain attributes

@: very slightly contaminated, hasted, very quick, not resistant to hostile
enchantments, extremely unstealthy
A: negative energy resistance 1, electricity resistance, unbreathing,
petrification resistance, rot immunity, AC +5
a: no special abilities


You were on level 6 of the Dungeon.
You were not hungry.

You visited 1 branch of the dungeon, and saw 6 of its levels.

You collected 356 gold pieces.

Inventory:

Hand Weapons
 a - a +0 flail (weapon)
 n - a +0 club
Armour
 b - a +0 scale mail (worn)
 c - a +0 shield (worn)
 l - a +1 pair of gloves (worn)
 t - a +0 helmet (worn)
Jewellery
 g - a ring of resist corrosion (right hand)
 j - an uncursed amulet of regeneration
 m - a ring of sustain attributes (left hand)
 p - an uncursed amulet of magic regeneration
 u - an uncursed amulet of faith {unknown}
 x - an amulet of guardian spirit (around neck)
Wands
 w - a wand of digging (7/24)
 y - a wand of disintegration (8/24)
Scrolls
 e - a scroll of recharging
 h - a scroll of identify
 i - a scroll of enchant weapon
 k - 3 scrolls of remove curse
 o - a scroll of acquirement {unknown}
 q - a scroll of blinking
 v - 2 scrolls of fog
Comestibles
 f - 4 bread rations


   Skills:
 + Level 5.7 Fighting
 + Level 5.0 Maces & Flails
 + Level 6.2 Armour
 + Level 4.3 Dodging
 + Level 7.4 Shields


You had 8 spell levels left.
You didn't know any spells.

Dungeon Overview and Level Annotations

Branches:
Dungeon (6/15)
 Temple: D:4-7

Altars:
Gozag
Kikubaaqudgha
Okawaru
Ru
Trog
Uskayaw
Xom
Zin
The Shining One

Shops:
D:6 (


Innate Abilities, Weirdness & Mutations

You are resistant to torment.
Your stone body is resilient. (AC +5)
You are immune to poison.
You resist negative energy. (rN+)
You are resistant to electric shocks. (rElec)
You can survive without breathing.
You are immune to petrification.
You are immune to rotting.


Message History

Beogh smites you!
* * * LOW HITPOINT WARNING * * *
Items here: )) †† a club; a flail; an orc corpse x2
Unknown command.
Unknown command.
You hit the orc priest but do no damage.
The orc priest is almost dead.
The orc closely misses you. You block the orc priest's attack.
Your shield and scale mail prevent you from hitting the orc priest.
The orc priest is almost dead.
Your scale mail prevents you from hitting the orc priest.
The orc priest is almost dead.
You block the orc's attack. You block the orc priest's attack.
You barely miss the orc priest.
The orc priest is almost dead.
You block the orc's attack.
The orc priest calls down the wrath of Beogh upon you.
Beogh smites you!
You die...

#...#...###..#####..# #
.........##.........#####
..........##............#
..(.......#####.#######.)
.......... ##.# ###
....... #..# # #..n#
.....## #
#o#########...#####
#o@......# #.<....
########.# ###..#.
######.######.###
#.......[........
...#####.###...#.#
##########..##.....#
#...#...##......####
###..#..#..#.#......∩.
#_.#..#..#...#.#..####


You could see a necrophage, an orc priest and an orc.

Vanquished Creatures
  2 hungry ghosts (D:6)
  An ice beast (D:6)
  2 sky beasts
  A black bear (D:6)
  2 ogres
  A centaur (D:6)
  3 giant frogs (D:6)
  2 scorpions (D:4)
  3 wights (D:6)
  3 crimson imps
  A giant frog zombie (D:5)
  A hound (D:5)
  An orc wizard (D:4)
  An iguana (D:4)
  4 worker ants
  A hound skeleton (D:4)
  10 adders
  A shadow imp (D:6)
  2 oozes
  A worm (D:2)
  3 dart slugs
  4 giant geckos
  9 orcs
  6 giant cockroaches
  9 goblins
  5 hobgoblins
  A jackal (D:4)
  7 kobolds
  A quokka (D:3)
  2 ball pythons
  3 bats
  A giant gecko skeleton (D:6)
  5 giant newts
  2 jackal skeletons (D:4)
  10 rats
111 creatures vanquished.

Notes
Turn   | Place    | Note
-------+----------+-------------------------------------------
     0 | D:1      | scalarboson the Gargoyle Fighter began the quest for the Orb.
     0 | D:1      | Reached XP level 1. HP: 14/14 MP: 1/1
   150 | D:1      | Reached XP level 2. HP: 18/19 MP: 2/2
   353 | D:1      | Reached XP level 3. HP: 19/24 MP: 3/3
  1041 | D:2      | Reached XP level 4. HP: 27/29 MP: 4/4
  1378 | D:2      | Reached skill level 1 in Dodging
  1378 | D:2      | Reached skill level 4 in Shields
  1610 | D:3      | Reached XP level 5. HP: 21/33 MP: 5/5
  1762 | D:3      | Found a glowing golden altar of the Shining One.
  1764 | D:3      | Found a sacrificial altar of Ru.
  1946 | D:3      | Noticed an ogre
  1960 | D:3      | Killed an ogre
  2680 | D:4      | Found a bloodstained altar of Trog.
  2714 | D:4      | Reached XP level 6. HP: 38/38 MP: 6/6
  2718 | D:4      | Found a hide-covered altar of Uskayaw.
  3205 | D:4      | Found an ancient bone altar of Kikubaaqudgha.
  3293 | D:4      | Reached skill level 5 in Shields
  3293 | D:4      | Reached XP level 7. HP: 43/44 MP: 7/7
  3354 | D:5      | Entered Level 5 of the Dungeon
  3487 | D:5      | Reached skill level 5 in Armour
  3952 | D:5      | Reached skill level 5 in Fighting
  4039 | D:6      | Found Zuilyets's Weapon Shop.
  4053 | D:6      | Noticed a hungry ghost
  4074 | D:6      | Reached XP level 8. HP: 42/49 MP: 5/8
  4098 | D:6      | Reached skill level 6 in Shields
  4221 | D:6      | Noticed an angel
  4221 | D:6      | Found a glowing silver altar of Zin.
  4222 | D:6      | Found a shimmering altar of Xom.
  4316 | D:6      | Found an opulent altar of Gozag.
  4506 | D:6      | Reached skill level 7 in Shields
  4541 | D:6      | Reached XP level 9. HP: 35/55 MP: 7/9
  4737 | D:6      | Reached skill level 5 in Maces & Flails
  4792 | D:6      | Found an iron altar of Okawaru.
  4843 | D:6      | HP: 1/55 [orc priest/divine providence (11)]
  4847 | D:6      | Killed from afar by an orc priest

Vault maps used:
D:1:      shiori_arrival_oz, minmay_close_crescents
D:2:      first_bread
D:3:      nicolae_overflow_hidden_temple, kennysheep_generic_room_13
D:4:      minmay_opposing_rooms, overflow_temple_1_default,
          nicolae_overflow_crystal_walls, kennysheep_mini
D:6:      grunt_temple_overflow_order_and_chaos_1, marbit_many_paths,
          grunt_gozag_breadcrumbs, serial_shops, shop

Skill      XL: |  1  2  3  4  5  6  7  8  9 |
---------------+----------------------------+-----
Dodging        | 1 2 4 |  4.3
Shields        | 4 5 7 |  7.4
Armour         | 4 5 6 |  6.2
Fighting       | 4 5 |  5.7
Maces & Flails | 3 4 5 |  5.0

Action                   |  1- 3 |  4- 6 |  7- 9 || total
-------------------------+-------+-------+-------++-------
Melee: Flail             |   158 |   276 |   294 ||   728
  Use: Scroll            |     4 |     3 |     7 ||    14
       Potion            |     5 |     1 |     8 ||    14
  Eat: Royal jelly       |       |     1 |     1 ||     2
       Chunk             |       |     4 |     2 ||     6
       Fruit             |       |     3 |       ||     3
       Meat ration       |       |       |     1 ||     1
       Beef jerky        |       |       |     1 ||     1
       Bread ration      |       |       |     3 ||     3
Armor: Scale mail        |    89 |   118 |   185 ||   392
Dodge: Dodged            |    50 |    96 |   125 ||   271
Block: Shield            |    85 |   147 |   222 ||   454
